 Dungeon Crawl Stone Soup version 0.31-a0-1025-g2e47921a08 (webtiles) character file.

Game seed: 11769060096979455406

140 Barriton the Ruffian (level 5, -5/39 (40) HPs)
             Began as a Draconian Shapeshifter on Nov 17, 2023.
             Slain by a goblin
             ... wielding a +0 club
             ... led by Robin
              (6 damage)
             ... on level 3 of the Dungeon.
             The game lasted 00:05:00 (2388 turns).

Barriton the Ruffian (Draconian Shapeshifter)       Turns: 2388, Time: 00:05:01

HP:   -5/39 (40)    AC:  5    Str: 16    XL:     5   Next: 2%
MP:   5/5           EV: 12    Int: 11    God:
Gold: 196           SH:  0    Dex: 12    Spells: 4/4 levels left

rFire   . .          .
                       - Unarmed
rCold   . . .        (no shield)
rNeg    . . .        (body armour unavailable)
rPois   .            (helmet currently unavailable)
rElec   .            (cloak currently unavailable)
rCorr   +            (gloves currently unavailable)
SInv    .            (boots currently unavailable)
Will    .....        (no amulet)
Stlth   +            m - ring of resist corrosion
HPRegen 0.26/turn    o - ring of flight
MPRegen 0.09/turn

%: no passive effects
@: beast-form, flying, lightly drained
A: beast (slay +2), AC +5, unfitting armour, cold-blooded
a: Begin Untransformation


You were on level 3 of the Dungeon.
You were a hulking beast.
You visited 1 branch of the dungeon, and saw 3 of its levels.

You collected 196 gold pieces.

Inventory:

Armour
 h - a +0 pair of boots
Magical Staves
 f - a staff of conjuration
Jewellery
 m - a ring of resist corrosion (left hand)
 o - a ring of flight (right hand)
Talismans
 b - a beast talisman (active)
 c - a flux talisman
Scrolls
 j - a scroll of blinking
 l - a scroll of fear
 p - a scroll of revelation {unknown}
Potions
 a - a potion of lignification
 e - a potion of ambrosia {unknown}
 g - a potion of attraction {unknown}
 i - a potion of degeneration {unknown}
 k - a potion of haste {unknown}
 n - a potion of brilliance {unknown}


   Skills:
 + Level 1.2 Fighting
 + Level 2.2 Dodging
 + Level 0.6 Stealth
 + Level 4.3 Unarmed Combat
 * Level 4.2 Shapeshifting


You had 4 spell levels left.
You didn't know any spells.
Your spell library contained the following spells:

 Spells                   Type           Power      Damage    Failure   Level
 Animate Dead             Necr           0%         N/A       98%         4
 Borgnjor's Vile Clutch   Necr/Erth      0%         N/A       100%        5
 Death Channel            Necr           0%         N/A       100%        6


Dungeon Overview and Level Annotations

Branches:
Dungeon (3/15)

Altars:
Fedhas
Trog
Zin
The Shining One

Annotations:
D:3 Robin


Innate Abilities, Weirdness & Mutations

You are a hulking beast.
Your limbs bulge with bestial killing power. (Slay +2)
Your plain brown scales are hard. (AC +5)
You cannot fit into any form of body armour.
You are cold-blooded and may be slowed by cold attacks.


Message History

You closely miss the goblin. The goblin closely misses you.
Robin hits you with a +0 club! The goblin closely misses you.
You punch the goblin!
You kill the goblin!
Robin hits you with a +0 club. The hobgoblin hits you.
The goblin closely misses you. The goblin hits you but does no damage.
Things that are here:
a +0 dagger of draining; a +0 dagger; a +0 dagger You hit Robin but do no damage.
Robin throws the goblin at you! The goblin hits you but does no damage.
You hit Robin.
Robin is heavily wounded.
Robin hits you with a +0 club.
* * * LOW HITPOINT WARNING * * *
The goblin hits you but does no damage. The goblin hits you with a +0 club.
* * * LOW HITPOINT WARNING * * *
You closely miss Robin. You tail-slap Robin, but do no damage.
Robin is heavily wounded.
The goblin hits you but does no damage. The goblin barely misses you.
You feel much better. Robin hits you but does no damage.
The goblin hits you with a +0 club. x2
* * * LOW HITPOINT WARNING * * *
You hit Robin.
Robin is severely wounded.
Robin barely misses you. The goblin barely misses you.
The goblin hits you but does no damage.
You hit Robin but do no damage.
Robin is severely wounded.
The goblin misses you. The goblin hits you with a +0 club.
* * * LOW HITPOINT WARNING * * *
You closely miss Robin.
Robin is severely wounded.
Okay, then.
You hit Robin.
Robin is severely wounded.
The goblin hits you with a +0 club.
* * * LOW HITPOINT WARNING * * *
The goblin hits you with a +0 club.
You die...

#...##.........#.#
...###.........#.#
##......#.†.†...#.#
g######..#.......#.#
g..####..###.....#.#
#g...#..g.##.####.#
#$>.##).#.##...####
..####g###...........#
#...goggh##..........#
#.######gg...........#
....................#
....###...#.......<.#
## ....##.........#
.................#
.........#..#######
.(.....>...##
...........#


You could see Robin, an orc, 3 hobgoblins and 2 goblins.

Vanquished Creatures
  A jelly (D:2)
  3 adders (D:2)
  2 dart slugs
  6 ball pythons
  A bat (D:1)
  11 endoplasms
  A giant cockroach (D:1)
  15 goblins
  8 hobgoblins
  6 jackals (D:2)
  7 kobolds
  2 quokkas (D:1)
  4 frilled lizards
  4 rats
71 creatures vanquished.

Notes
Turn   | Place    | Note
-------+----------+-------------------------------------------
     0 | D:1      | Barriton the Draconian Shapeshifter began the quest for the
                  | Orb.
     0 | D:1      | Reached XP level 1. HP: 16/16 MP: 1/1
    97 | D:1      | Reached XP level 2. HP: 14/23 MP: 2/2
   503 | D:1      | Reached XP level 3. HP: 23/28 MP: 3/3
  1230 | D:2      | Found a faded altar of an unknown god.
  1274 | D:2      | Reached XP level 4. HP: 35/35 MP: 4/4
  1805 | D:2      | Identified the +1 robe of Apaleex {rN+ Str-2 Archmagi}
  1915 | D:2      | Found a glowing golden altar of the Shining One.
  1915 | D:2      | Found a glowing silver altar of Zin.
  1915 | D:2      | Found a bloodstained altar of Trog.
  1915 | D:2      | Found a blossoming altar of Fedhas.
  1915 | D:2      | Found a bloodstained altar of Trog.
  1915 | D:2      | Found a bloodstained altar of Trog.
  2355 | D:3      | Identified the +0 helmet of Death Resistance {Drain Slay+5}
  2355 | D:3      | Noticed Robin
  2377 | D:3      | Reached XP level 5. HP: 31/39 MP: 5/5
  2388 | D:3      | HP: 1/39 [goblin/+0 club[Robin] (4)]
  2388 | D:3      | Slain by a goblin

Illustrated notes

Levels and vault maps discovered:
D:1:      dpeg_arrival_lava_temple_mockup, layout_basic, serial_rivers,
          chequers_serial_rivers_micro_b, chequers_serial_rivers_room_b,
          chequers_serial_rivers_micro_d, chequers_serial_rivers_room_a,
          minmay_3d_cube
D:2:      cheibrodos_fertilizer, layout_loops_ring,
          ebering_ecumenical_altar_box, st_stairs_4, dk_noncrumbling_2,
          minmay_pentomino_v4
D:3:      layout_rooms, uniq_robin

Skill      XL: |  1  2  3  4 |
---------------+-------------+-----
Dodging        | 2 |  2.2
Shapeshifting  | 4 |  4.2
Unarmed Combat | 4 |  4.3
Fighting       | |  1.2
Stealth        | |  0.6

Action                     |  1- 3 |  4- 6 || total
---------------------------+-------+-------++-------
  Melee: Unarmed           |    85 |    82 ||   167
         Tailslap          |     9 |    11 ||    20
         Punch             |     1 |     2 ||     3
    Use: Scroll            |     2 |     3 ||     5
         Potion            |       |     1 ||     1
   Stab: Sleeping          |       |     2 ||     2
 Armour: Skin              |    34 |    52 ||    86
  Dodge: Dodged            |    56 |    61 ||   117
   Form: Flux              |     2 |       ||     2
         Beast             |     3 |       ||     3
                           |     1 |       ||     1

Table legend: (Time is in decaauts)
 A = Elapsed time spent in this place.
 B = Non-inter-level travel time spent in this place.
 C = Inter-level travel time spent in this place.
 D = Time resting spent in this place.
 E = Time spent auto-exploring this place.
 F = Levels seen in this place.
 G = Mean time per level.
                   A        B        C        D        E       F      G
               +--------+--------+--------+--------+--------+-----+--------+
         Total |   2392 |   2252 |    140 |      0 |   1801 |   3 |  797.3 |
       Dungeon |   2392 |   2252 |    140 |      0 |   1801 |   3 |  797.3 |
               +--------+--------+--------+--------+--------+-----+--------+

Top non-repeatable levels by time:
     D:2: 1250 daAuts
     D:1: 1046 daAuts
     D:3: 95 daAuts
